 Dungeon Crawl Stone Soup version 0.28-a0-1235-g7c8fac35f0 (webtiles) character file.

Game seed: 12491833935596607554

129 croobank the Caller (level 5, 0/31 HPs)
             Began as an Octopode Summoner on Dec 24, 2021.
             Slain by a nameless horror (7 damage)
             ... created by miscasting Summon Guardian Golem
             ... on level 3 of the Dungeon.
             The game lasted 00:16:23 (3095 turns).

croobank the Caller (Octopode Summoner)             Turns: 3095, Time: 00:16:24

Health: 0/31       AC:  1    Str:  7    XL:     5   Next: 12%
Magic:  1/9        EV: 13    Int: 19    God:
Gold:   93         SH:  0    Dex: 13    Spells: 5/9 levels left

rFire   + . .      SeeInvis .   a - +1 mace (venom)
rCold   + . .      Faith    .   (no shield)
rNeg    . . .      Spirit   .   (helmet restricted)
rPois   +          Reflect  .   (no amulet)
rElec   +          Harm     .   (no ring)
rCorr   +          Rampage  .   (no ring)
Will    .....                   (no ring)
Stlth   ++++......              (no ring)
HPRegen 0.10/turn               (no ring)
MPRegen 0.11/turn               (no ring)
                                (no ring)
                                (no ring)

@: resistant
A: almost no armour, amphibious, 8 rings, camouflage 1, gelatinous body 1,
(nimble swimmer 1), tentacles
a: no special abilities


You were on level 3 of the Dungeon.
You visited 1 branch of the dungeon, and saw 3 of its levels.

You collected 93 gold pieces.

Inventory:

Hand Weapons
 a - a +1 mace of venom (weapon)
 b - a +5 hunting sling
 p - a +3 quarterstaff of chaos
Missiles
 d - 42 arrows
 g - 43 sling bullets
 h - 13 poisoned darts
 k - 43 stones
 m - 33 bolts
Scrolls
 l - 2 scrolls of teleportation
Potions
 e - 2 potions of cancellation
 j - a potion of lignification {unknown}
 o - a potion of curing {unknown}


   Skills:
 + Level 3.0 Dodging
 + Level 4.2 Stealth
 + Level 2.9 Spellcasting
 + Level 4.6 Summonings


You had 5 spell levels left.
You knew the following spells:

 Your Spells              Type           Power      Damage    Failure   Level
a - Summon Small Mammal   Summ           80%        N/A       2%          1
b - Summon Guardian Gole  Hex/Summ       11%        N/A       19%         3

Your spell library contained the following spells:

 Spells                   Type           Power      Damage    Failure   Level
 Call Imp                 Summ           20%        N/A       3%          2
 Call Canine Familiar     Summ           20%        N/A       7%          3
 Pain                     Necr           8%         1d4       16%         1
 Summon Lightning Spire   Summ/Air       11%        N/A       52%         4
 Agony                    Necr           2%         N/A       99%         5
 Excruciating Wounds      Necr           1%         N/A       99%         5


Dungeon Overview and Level Annotations

Branches:
Dungeon (3/15)

Altars:


Innate Abilities, Weirdness & Mutations

You cannot wear most types of armour.
You are amphibious.
You can wear up to eight rings at the same time.
Your skin changes colour to match your surroundings (Stealth+).
Your rubbery body absorbs attacks. (AC +1, EV +1)
((You are camouflaged when in or above water. (Stealth+)))
You have tentacles for arms and can constrict up to eight enemies at once.


Message History

The nameless horror closely misses your bat.
Your bat hits the nameless horror but does no damage.
The nameless horror barely misses your bat.
Your bat hits the nameless horror but does no damage.
The nameless horror barely misses your bat.
Your bat hits the nameless horror but does no damage.
There is an open door here.
Your bat disappears in a puff of smoke!
There is an open door here.
Casting: Summon Small Mammal (safe; 2% risk of failure)
Confirm with . or Enter, or press ? or * to list all spells.
Send 'em back where they came from!
Your quokka shudders.
There is an open door here.
You swap places.
Your quokka bites the nameless horror.
The nameless horror hits your quokka.
Your quokka dies!
Your quokka's corpse disappears in a puff of smoke!
The rat twitches its whiskers.
The nameless horror hits you.
You feel your power leaking away.
You hit the nameless horror but do no damage.
The nameless horror is almost destroyed.
The nameless horror hits you! The endoplasm hits you.
The nameless horror hits you.
You completely miss the nameless horror.
The nameless horror is almost destroyed.
The endoplasm freezes you.
You are frozen.
You resist.
The nameless horror completely misses you.
The endoplasm freezes you.
You are frozen.
You resist.
* * * LOW HITPOINT WARNING * * *
The endoplasm freezes you.
You are frozen.
You resist.
* * * LOW HITPOINT WARNING * * *
You hit the nameless horror but do no damage.
The nameless horror is almost destroyed.
The nameless horror hits you!
You die...

##### #...# #########
###'#'#### #.......#
.........##########.#####.#
....................# #.#
....................# #.#
...............J....# #.#
..............rX@...# #.#
...............J....# #.#
..#'#.###..........## #.#
....#.########.##### #.#
.)..'.....># #.# #.#
....#.########.##########.#
....'..........##.........#
....##.##########.#########
....##.# #.#


You could see a nameless horror, 2 endoplasms and a rat.

Vanquished Creatures
  2 gnolls (D:2)
  An adder (D:2)
  A dart slug (D:1)
  An orc (D:3)
  2 endoplasms (D:1)
  3 giant cockroaches
  2 hobgoblins
  A jackal (D:2)
  3 kobolds
  A quokka (D:1)
  3 ball pythons
  5 bats (D:2)
  2 frilled lizards (D:2)
  3 rats
30 creatures vanquished.

Vanquished Creatures (collateral kills)
  5 bats
  3 jackals (D:2)
  2 quokkas
  2 ball pythons (D:1)
  2 frilled lizards (D:1)
  2 kobolds (D:1)
  2 rats (D:1)
  A spectral goblin (D:1)
19 creatures vanquished.

Vanquished Creatures (others)
  Crazy Yiuf (D:2)
  2 gnolls (D:2)
3 creatures vanquished.

Grand Total: 52 creatures vanquished

Notes
Turn   | Place    | Note
-------+----------+-------------------------------------------
     0 | D:1      | croobank the Octopode Summoner began the quest for the Orb.
     0 | D:1      | Reached XP level 1. HP: 11/11 MP: 3/3
   397 | D:1      | Reached XP level 2. HP: 13/17 MP: 3/5
   821 | D:1      | Found a faded altar of an unknown god.
   879 | D:1      | Reached XP level 3. HP: 18/21 MP: 3/6
  1368 | D:2      | Learned a level 3 spell: Summon Guardian Golem
  1734 | D:2      | Found a runed translucent door.
  1735 | D:2      | Noticed Crazy Yiuf
  2372 | D:2      | Reached XP level 4. HP: 27/27 MP: 3/7
  2744 | D:2      | Killed Crazy Yiuf
  2745 | D:2      | Reached XP level 5. HP: 20/31 MP: 1/9
  3036 | D:3      | Noticed a nameless horror
  3095 | D:3      | Slain by a nameless horror

Illustrated notes

Levels and vault maps discovered:
D:1:      saegor_arrival_simple_c, layout_rooms,
          dreamdust_ecumenical_altar_drowned_temple, serial_forest,
          infiniplex_forest_lined_3_way, infiniplex_forest_end_2,
          infiniplex_forest_lined_corner, infiniplex_forest_end_3,
          infiniplex_forest_end_2
D:2:      layout_loops_ring, minmay_pentomino_pile, uniq_crazy_yiuf_cottage
D:3:      layout_basic, nzn_wu_jian_contemplation

Skill      XL: |  1  2  3  4 |
---------------+-------------+-----
Stealth        | 3 4 |  4.2
Dodging        | 3 |  3.0
Spellcasting   | |  2.9
Summonings     | |  4.6

Action                   |  1- 3 |  4- 6 || total
-------------------------+-------+-------++-------
Melee: Unarmed           |    50 |       ||    50
       Constrict         |    18 |     1 ||    19
       Tentacles         |    11 |     3 ||    14
       Mace              |    13 |    18 ||    31
 Fire: Hunting sling     |     2 |    17 ||    19
 Cast: Summon Small Mamm |    40 |     5 ||    45
       Summon Guardian G |     1 |     4 ||     5
  Use: Scroll            |     5 |     2 ||     7
       Potion            |       |     2 ||     2
 Stab: Sleeping          |     5 |     1 ||     6
Armor: Skin              |     5 |     1 ||     6
Dodge: Dodged            |    40 |    10 ||    50

Table legend: (Time is in decaauts)
 A = Elapsed time spent in this place.
 B = Non-inter-level travel time spent in this place.
 C = Inter-level travel time spent in this place.
 D = Time resting spent in this place.
 E = Time spent auto-exploring this place.
 F = Levels seen in this place.
 G = Mean time per level.
                   A        B        C        D        E       F      G
               +--------+--------+--------+--------+--------+-----+--------+
         Total |   3091 |   3024 |     67 |   1132 |   1207 |   3 | 1030.3 |
       Dungeon |   3091 |   3024 |     67 |   1132 |   1207 |   3 | 1030.3 |
               +--------+--------+--------+--------+--------+-----+--------+

Top non-repeatable levels by time:
     D:2: 1568 daAuts
     D:1: 1329 daAuts
     D:3: 193 daAuts
